[Event "55th Rubinstein Memorial-C 2019"]
[Site "Polanica-Zdroj"]
[Date "2019.08.17"]
[Round "1.1"]
[White "Majek, Kacper"]
[Black "Panczuk, Grzegorz"]
[Result "1-0"]
[ECO "A04"]
[WhiteElo "1984"]
[BlackElo "1494"]
[Annotator "NA"]
[PlyCount "103"]
[EventDate "2019.08.17"]
[EventType "swiss"]
[EventCountry "POL"]
[SourceTitle "playchess.com"]
[Source "ChessBase"]
[SourceQuality "1"]
[TimeControl "40/5400+30:1800+30"]

1. Nf3 e6 2. d4 d5 3. c4 Nf6 4. g3 g6 5. Bg2 Bg7 6. O-O O-O 7. Nc3 c6 8. Qd3 Na6 9. Ne5 Nd7 10. Nxd7 Qxd7 11. e3 Nc7 12. Rd1 b5 13. cxb5 cxb5 14. b4 Bb7 15. Bb2 a6 16. Ne2 Ne8 17. Nc1 Nd6 18. Nb3 Nc4 19. Nc5 Qc7 20. Bc3 Bc6 21. Qe2 Rfb8 22. Rac1 a5 23. Nd3 Bf8 24. h4 axb4 25. Bxb4 Bxb4 26. Nxb4 Ra4 27. Rb1 Qd6 28. Qe1 Bd7 29. Rb3 Rc8 30. Rc1 Rca8 31. Bf1 Ra3 32. Qc3 R3a7 33. Qe1 Ra3 34. Bd3 R8a4 35. Rxa3 Nxa3 36. Rc5 Nc4 37. Bc2 Ra8 38. e4 Rc8 39. e5 Qb6 40. Nd3 Ra8 41. Bb3 Na5 42. Qe3 Nxb3 43. axb3 b4 44. Kh2 Ra3 45. Nf4 Qb7 46. Nh3 Qa6 47. Rc7 Be8 48. Qh6 Ra1 49. Re7 Bc6 50. Qf4 Rh1+ 51. Kxh1 Qf1+ 52. Kh2 1-0

[Event "55th Rubinstein Memorial-C 2019"]
[Site "Polanica-Zdroj"]
[Date "2019.08.17"]
[Round "1.2"]
[White "Zimny, Jakub"]
[Black "Grossmann, Ryszard"]
[Result "0-1"]
[ECO "B13"]
[WhiteElo "1492"]
[BlackElo "1975"]
[Annotator "NA"]
[PlyCount "46"]
[EventDate "2019.08.17"]
[EventType "swiss"]
[EventCountry "POL"]
[SourceTitle "playchess.com"]
[Source "ChessBase"]
[SourceQuality "1"]
[TimeControl "40/5400+30:1800+30"]

1. e4 c6 2. d4 d5 3. exd5 cxd5 4. c4 e6 5. Nc3 Nc6 6. Nf3 Nf6 7. c5 Bd7 8. Bd3 b6 9. cxb6 Qxb6 10. Bb1 Bd6 11. O-O Rc8 12. a3 h6 13. Na4 Qb8 14. Nc5 Nxd4 15. Nxd4 Bxc5 16. Re1 Qb6 17. Be3 Qxb2 18. Nb3 Bxe3 19. Rxe3 Ba4 20. Ra2 Bxb3 21. Rxb3 Rc1 22. Rb8+ Ke7 23. Rb7+ Kd6 0-1

[Event "55th Rubinstein Memorial-C 2019"]
[Site "Polanica-Zdroj"]
[Date "2019.08.17"]
[Round "1.3"]
[White "Talik, Patryk"]
[Black "Zielonka, Adam"]
[Result "1-0"]
[ECO "A80"]
[WhiteElo "1975"]
[BlackElo "1488"]
[Annotator "NA"]
[PlyCount "61"]
[EventDate "2019.08.17"]
[EventType "swiss"]
[EventCountry "POL"]
[SourceTitle "playchess.com"]
[Source "ChessBase"]
[SourceQuality "1"]
[TimeControl "40/5400+30:1800+30"]

1. d4 f5 2. Bg5 h6 3. Bh4 g5 4. e3 Nf6 5. Be2 Bg7 6. Bg3 O-O 7. f3 d6 8. c3 c6 9. Nd2 Na6 10. Qc2 Nc7 11. Bd3 Nfd5 12. Bf2 e5 13. O-O-O exd4 14. exd4 b5 15. Ne2 a5 16. Ng3 Ne7 17. Nh5 b4 18. g4 bxc3 19. bxc3 Ncd5 20. h4 a4 21. hxg5 hxg5 22. Rdg1 fxg4 23. Bh7+ Kf7 24. Ne4 Bh6 25. Bg3 Ne3 26. Qf2 Nc4 27. fxg4+ Ke6 28. Qe2 Kd7 29. Qxc4 Ba6 30. Qb4 c5 31. Qxa4+ 1-0

[Event "55th Rubinstein Memorial-C 2019"]
[Site "Polanica-Zdroj"]
[Date "2019.08.17"]
[Round "1.4"]
[White "Goral, Jan"]
[Black "Rakita, Efim"]
[Result "1/2-1/2"]
[ECO "D20"]
[WhiteElo "1486"]
[BlackElo "1960"]
[Annotator "NA"]
[PlyCount "77"]
[EventDate "2019.08.17"]
[EventType "swiss"]
[EventCountry "POL"]
[SourceTitle "playchess.com"]
[Source "ChessBase"]
[SourceQuality "1"]
[TimeControl "40/5400+30:1800+30"]

1. d4 d5 2. c4 dxc4 3. e4 c5 4. d5 Nf6 5. f3 e6 6. Bxc4 exd5 7. Bxd5 Nxd5 8. exd5 Bd6 9. Ne2 O-O 10. O-O Qc7 11. Kh1 Bf5 12. Nbc3 a6 13. Be3 Re8 14. Bf2 Nd7 15. Bg3 Nf6 16. Bxd6 Qxd6 17. Ng3 Qd7 18. Qd2 Rad8 19. Rad1 h6 20. Qf4 Bc2 21. Rd2 Bg6 22. Rfd1 Qd6 23. Qh4 b5 24. Nce4 Nxe4 25. Nxe4 Bxe4 26. fxe4 Qe5 27. Re2 Qf6 28. Qxf6 gxf6 29. g3 Re5 30. Rf2 Rxe4 31. Rxf6 Re5 32. Rxa6 Rexd5 33. Rxd5 Rxd5 34. b3 c4 35. bxc4 bxc4 36. Rc6 Rd1+ 37. Kg2 Rd2+ 38. Kh3 Rxa2 39. Rxc4 1/2-1/2

[Event "55th Rubinstein Memorial-C 2019"]
[Site "Polanica-Zdroj"]
[Date "2019.08.17"]
[Round "1.5"]
[White "Szczesniak, Andrzej"]
[Black "Ciesielski, Maciej"]
[Result "1-0"]
[ECO "D35"]
[WhiteElo "1954"]
[BlackElo "1486"]
[Annotator "NA"]
[PlyCount "119"]
[EventDate "2019.08.17"]
[EventType "swiss"]
[EventCountry "POL"]
[SourceTitle "playchess.com"]
[Source "ChessBase"]
[SourceQuality "1"]
[TimeControl "40/5400+30:1800+30"]

1. d4 d5 2. c4 e6 3. Nc3 Nf6 4. cxd5 exd5 5. Bg5 Be7 6. e3 O-O 7. Bd3 h6 8. Bf4 Re8 9. Qc2 c5 10. dxc5 Bxc5 11. Nge2 Nc6 12. a3 a6 13. O-O Bg4 14. h3 Bxe2 15. Nxe2 Bb6 16. Rad1 Rc8 17. Bf5 Nd4 18. Qd3 Nxf5 19. Qxf5 Qe7 20. Nc3 Qe6 21. Qd3 Red8 22. Rfe1 Qc6 23. Be5 Ba5 24. b4 Nd7 25. Nxd5 Nxe5 26. Ne7+ Kf8 27. Qxd8+ Bxd8 28. Nxc6 Nxc6 29. Rd7 Rc7 30. Red1 Ke8 31. R7d5 b5 32. Kf1 Bf6 33. f4 Ke7 34. Ke2 Nb8 35. Rd8 Nc6 36. Ra8 Ra7 37. Rc8 Bb2 38. Rxc6 Bxa3 39. Rb1 a5 40. bxa5 Rxa5 41. Rb6 b4 42. e4 Rc5 43. Rb7+ Ke8 44. Rd1 Rc4 45. Rd5 Rxe4+ 46. Kf3 Rc4 47. Re5+ Kd8 48. Ra5 Rc7 49. Rbb5 Ke7 50. Ra6 g6 51. Ke4 f5+ 52. Kd5 Rd7+ 53. Kc4 Rc7+ 54. Kb3 Kf7 55. Ka4 h5 56. Rbb6 h4 57. Rxg6 Re7 58. Raf6+ Ke8 59. Rxf5 Re4 60. Re5+ {[%emt 0:00:11] Rc4} 1-0

[Event "55th Rubinstein Memorial-C 2019"]
[Site "Polanica-Zdroj"]
[Date "2019.08.17"]
[Round "1.6"]
[White "Goszyk, Bartosz"]
[Black "Bartoszewicz, Marcin"]
[Result "1-0"]
[ECO "B70"]
[WhiteElo "1486"]
[BlackElo "1950"]
[Annotator "NA"]
[PlyCount "64"]
[EventDate "2019.08.17"]
[EventType "swiss"]
[EventCountry "POL"]
[SourceTitle "playchess.com"]
[Source "ChessBase"]
[SourceQuality "1"]
[TimeControl "40/5400+30:1800+30"]

1. e4 c5 2. Nf3 d6 3. d4 cxd4 4. Nxd4 Nf6 5. Nc3 g6 6. g3 Bg7 7. Bg2 O-O 8. O-O Bd7 9. h3 Nc6 10. Nde2 a6 11. a4 Rc8 12. b3 b5 13. axb5 axb5 14. Bb2 Nb4 15. f4 Qb6+ 16. Kh2 Bc6 17. Ba3 Na6 18. Bb2 b4 19. Na4 Qb7 20. Bxf6 Bxf6 21. Ra2 Rc7 22. Qd3 Bb5 23. Qd2 Bc6 24. Qd3 Nc5 25. Nxc5 dxc5 26. Qe3 Rd8 27. Ra5 c4 28. bxc4 Ra8 29. Rxa8+ Qxa8 30. Rb1 e6 31. Rxb4 Be7 32. Rb1 Rc8 {[%emt 0:03:22] komórka} 1-0

[Event "55th Rubinstein Memorial-C 2019"]
[Site "Polanica-Zdroj"]
[Date "2019.08.17"]
[Round "1.7"]
[White "Kardys, Zbigniew"]
[Black "Gworys, Grzegorz"]
[Result "1-0"]
[ECO "B53"]
[WhiteElo "1949"]
[BlackElo "1481"]
[Annotator "NA"]
[PlyCount "31"]
[EventDate "2019.08.17"]
[EventType "swiss"]
[EventCountry "POL"]
[SourceTitle "playchess.com"]
[Source "ChessBase"]
[SourceQuality "1"]
[TimeControl "40/5400+30:1800+30"]

1. e4 c5 2. Nf3 d6 3. d4 cxd4 4. Qxd4 Nc6 5. Bb5 Bd7 6. Bxc6 Bxc6 7. Bg5 f6 8. Be3 e5 9. Qd3 f5 10. Qb3 f4 11. Bd2 Bxe4 12. Nc3 Bc6 13. O-O-O Nf6 14. Rhe1 h6 15. Bxf4 Qc7 16. Nxe5 1-0

[Event "55th Rubinstein Memorial-C 2019"]
[Site "Polanica-Zdroj"]
[Date "2019.08.17"]
[Round "1.8"]
[White "Rog, Mateusz"]
[Black "Tokmantsev, Ivan"]
[Result "1-0"]
[ECO "C01"]
[WhiteElo "1473"]
[BlackElo "1918"]
[Annotator "NA"]
[PlyCount "89"]
[EventDate "2019.08.17"]
[EventType "swiss"]
[EventCountry "POL"]
[SourceTitle "playchess.com"]
[Source "ChessBase"]
[SourceQuality "1"]
[TimeControl "40/5400+30:1800+30"]

1. e4 e6 2. d4 d5 3. exd5 exd5 4. Nf3 Nf6 5. Bd3 Bd6 6. O-O O-O 7. h3 h6 8. Nbd2 Re8 9. c4 c6 10. Qc2 Nbd7 11. b3 Nf8 12. Bb2 Be6 13. Ne5 dxc4 14. bxc4 Bc7 15. Ndf3 Bc8 16. Rab1 Ne6 17. Bc3 Bb6 18. Rfd1 Nf4 19. Bf1 N6h5 20. d5 cxd5 21. cxd5 f6 22. Nc4 Bc5 23. Bb4 Bxb4 24. Rxb4 b5 25. Ne3 a5 26. Rxb5 Ba6 27. Rc5 Bxf1 28. Kxf1 Qd7 29. Rc7 Qb5+ 30. Kg1 Qb6 31. Nd4 Rad8 32. Ndf5 Qa6 33. Nxh6+ Kh8 34. Nf7+ Kg8 35. Nxd8 Rxd8 36. Nf5 Re8 37. Ne7+ Kh8 38. Ng6+ Kg8 39. Nxf4 Nxf4 40. d6 Re2 41. Qb3+ Kh7 42. Qf7 Ne6 43. Qh5+ Kg8 44. Re7 Qb6 45. Re8+ 1-0

[Event "55th Rubinstein Memorial-C 2019"]
[Site "Polanica-Zdroj"]
[Date "2019.08.17"]
[Round "1.9"]
[White "Binkowska, Agata"]
[Black "Bialik, Nikodem"]
[Result "0-1"]
[ECO "C02"]
[WhiteElo "1896"]
[BlackElo "1472"]
[Annotator "NA"]
[PlyCount "54"]
[EventDate "2019.08.17"]
[EventType "swiss"]
[EventCountry "POL"]
[SourceTitle "playchess.com"]
[Source "ChessBase"]
[SourceQuality "1"]
[TimeControl "40/5400+30:1800+30"]

1. e4 e6 2. d4 d5 3. e5 c5 4. c3 Nc6 5. Nf3 Qb6 6. Bd3 cxd4 7. cxd4 Bd7 8. O-O Nxd4 9. Nxd4 Qxd4 10. Qe2 Qb6 11. Kh1 Ne7 12. f4 Nc6 13. Nc3 Nb4 14. Bb5 Rd8 15. f5 a6 16. Bxd7+ Rxd7 17. a3 Nc6 18. fxe6 fxe6 19. Bg5 Be7 20. Bd2 Qxb2 21. Qh5+ g6 22. Qh6 Rf8 23. Rfc1 Rf7 24. Rab1 Qxa3 25. Ra1 Qb3 26. Rab1 Qc4 27. Qh3 Qd4 0-1

[Event "55th Rubinstein Memorial-C 2019"]
[Site "Polanica-Zdroj"]
[Date "2019.08.17"]
[Round "1.10"]
[White "Wolski, Michal"]
[Black "Simon, Marek"]
[Result "0-1"]
[ECO "B13"]
[WhiteElo "1472"]
[BlackElo "1879"]
[Annotator "NA"]
[PlyCount "90"]
[EventDate "2019.08.17"]
[EventType "swiss"]
[EventCountry "POL"]
[SourceTitle "playchess.com"]
[Source "ChessBase"]
[SourceQuality "1"]
[TimeControl "40/5400+30:1800+30"]

1. e4 c6 2. d4 d5 3. exd5 cxd5 4. Bd3 Nc6 5. c3 Qc7 6. Ne2 Bg4 7. O-O e6 8. Qe1 Bxe2 9. Qxe2 Bd6 10. h3 Nge7 11. Nd2 a6 12. Nf3 Bf4 13. Bxf4 Qxf4 14. Rfe1 O-O 15. Qc2 g6 16. Ne5 Rfc8 17. Qb3 b5 18. Nd7 Qc7 19. Nc5 Na5 20. Qc2 Nb7 21. Nxb7 Qxb7 22. Qd2 a5 23. Rab1 b4 24. Rec1 Qb6 25. Be2 Nf5 26. Bg4 Nd6 27. Bf3 Rab8 28. Qd3 Rc7 29. cxb4 Rxc1+ 30. Rxc1 Qxb4 31. b3 Nb5 32. Rd1 Rc8 33. Be2 Nc3 34. Rd2 Ne4 35. Rd1 Nc3 36. Rd2 Ne4 37. Rd1 Rc3 38. Qb5 Rc2 39. a4 Nc3 40. Qe8+ Kg7 41. Bd3 Rb2 42. Re1 Qxd4 43. Re3 Rxf2 44. Kxf2 Nd1+ 45. Kf1 Qxe3 0-1

[Event "55th Rubinstein Memorial-C 2019"]
[Site "Polanica-Zdroj"]
[Date "2019.08.17"]
[Round "1.11"]
[White "Sroka, Janusz"]
[Black "Zyla, Tomasz"]
[Result "1-0"]
[ECO "B23"]
[WhiteElo "1875"]
[BlackElo "1471"]
[Annotator "NA"]
[PlyCount "45"]
[EventDate "2019.08.17"]
[EventType "swiss"]
[EventCountry "POL"]
[SourceTitle "playchess.com"]
[Source "ChessBase"]
[SourceQuality "1"]
[TimeControl "40/5400+30:1800+30"]

1. e4 c5 2. Nc3 Nc6 3. f4 g6 4. Nf3 Bg7 5. Bc4 e6 6. O-O Nge7 7. d3 O-O 8. Qe1 d5 9. Bb3 b6 10. Qh4 Bb7 11. f5 gxf5 12. Bh6 fxe4 13. Ng5 Nf5 14. Rxf5 exf5 15. Bxg7 Kxg7 16. Qxh7+ Kf6 17. Nxd5+ Ke5 18. Nxf7+ Rxf7 19. Qxf7 Nd4 20. Qg7+ Kd6 21. Qxb7 Nxb3 22. axb3 Ke6 23. Nc7+ 1-0

[Event "55th Rubinstein Memorial-C 2019"]
[Site "Polanica-Zdroj"]
[Date "2019.08.17"]
[Round "1.12"]
[White "Starosciak, Adrian"]
[Black "Obrochta, Lena"]
[Result "0-1"]
[ECO "B43"]
[WhiteElo "1467"]
[BlackElo "1870"]
[Annotator "NA"]
[PlyCount "50"]
[EventDate "2019.08.17"]
[EventType "swiss"]
[EventCountry "POL"]
[SourceTitle "playchess.com"]
[Source "ChessBase"]
[SourceQuality "1"]
[TimeControl "40/5400+30:1800+30"]

1. e4 c5 2. Nf3 e6 3. d4 cxd4 4. Nxd4 a6 5. Nc3 Qc7 6. Bd3 Nf6 7. O-O Be7 8. f4 d6 9. Nce2 Nbd7 10. Ng3 O-O 11. c3 g6 12. f5 e5 13. Nde2 b6 14. Bg5 Bb7 15. h4 Qc6 16. fxg6 hxg6 17. h5 d5 18. Qc2 Bc5+ 19. Kh2 dxe4 20. Bc4 Ng4+ 21. Kh3 Nf2+ 22. Kh4 b5 23. Bb3 Kg7 24. h6+ Kh7 25. Ng1 f6 0-1

[Event "55th Rubinstein Memorial-C 2019"]
[Site "Polanica-Zdroj"]
[Date "2019.08.17"]
[Round "1.13"]
[White "Pyka, Roman"]
[Black "Kubik, Rafal"]
[Result "1/2-1/2"]
[ECO "A03"]
[WhiteElo "1860"]
[BlackElo "1464"]
[Annotator "NA"]
[PlyCount "88"]
[EventDate "2019.08.17"]
[EventType "swiss"]
[EventCountry "POL"]
[SourceTitle "playchess.com"]
[Source "ChessBase"]
[SourceQuality "1"]
[TimeControl "40/5400+30:1800+30"]

1. f4 d5 2. b3 g6 3. Bb2 Nf6 4. Nf3 Bg7 5. e3 O-O 6. Be2 c5 7. O-O Nc6 8. Ne5 Qc7 9. Nxc6 Qxc6 10. Bf3 Bf5 11. d3 Qd7 12. h3 h5 13. Nd2 Rfd8 14. Qe2 Rac8 15. Rac1 b5 16. Rfd1 Qc7 17. Be5 Qb6 18. e4 dxe4 19. dxe4 c4+ 20. Kh2 Be6 21. Nf1 cxb3 22. cxb3 a6 23. Rxd8+ Qxd8 24. Rxc8 Qxc8 25. Ne3 Nh7 26. Nd5 Bxd5 27. exd5 Nf6 28. Qd3 Nd7 29. Bxg7 Kxg7 30. Qd4+ Nf6 31. g4 hxg4 32. hxg4 Kg8 33. Kg3 Ne8 34. Qa7 Kf8 35. Qd4 Kg8 36. Qe5 Qc7 37. Qxc7 Nxc7 38. b4 Kf8 39. Kf2 Ke8 40. Ke3 Kd7 41. Kd4 Kd6 42. Be4 Na8 43. Bf3 Nc7 44. Be4 Na8 1/2-1/2

[Event "55th Rubinstein Memorial-C 2019"]
[Site "Polanica-Zdroj"]
[Date "2019.08.17"]
[Round "1.14"]
[White "Dahms, Medard"]
[Black "Kaliszuk, Kamil"]
[Result "1/2-1/2"]
[ECO "C68"]
[WhiteElo "1462"]
[BlackElo "1853"]
[Annotator "NA"]
[PlyCount "126"]
[EventDate "2019.08.17"]
[EventType "swiss"]
[EventCountry "POL"]
[SourceTitle "playchess.com"]
[Source "ChessBase"]
[SourceQuality "1"]
[TimeControl "40/5400+30:1800+30"]

1. e4 e5 2. Nf3 Nc6 3. Bb5 a6 4. Bxc6 dxc6 5. h3 Bd6 6. Nc3 Bd7 7. d4 exd4 8. Qxd4 f6 9. Be3 Qe7 10. O-O Nh6 11. Rfe1 Nf7 12. Nd2 Rd8 13. Qa7 Bc8 14. Nb3 O-O 15. Nc5 b6 16. Nb7 Rde8 17. Nxd6 Nxd6 18. Bf4 a5 19. Rad1 Nb7 20. Qa6 Nc5 21. Qe2 Be6 22. f3 b5 23. a3 Rd8 24. Qf2 Rxd1 25. Rxd1 Rc8 26. Qd4 Nb7 27. Qa7 Qc5+ 28. Qxc5 Nxc5 29. Kf2 Kf7 30. Ke3 Nb7 31. Rd2 a4 32. e5 Na5 33. Kf2 Nc4 34. Re2 g5 35. Bc1 Nxe5 36. Ne4 Nd7 37. Bxg5 Bc4 38. Rd2 Bd5 39. Bf4 Nb6 40. c3 Nc4 41. Re2 Bxe4 42. fxe4 Ke6 43. g4 Rd8 44. Bxc7 Rd1 45. Bf4 Rb1 46. g5 fxg5 47. Bxg5 Nxb2 48. Kf3 Nc4 49. Kg4 Rg1+ 50. Kh4 Nxa3 51. Be3 Rf1 52. Bc5 Nc4 53. Kg4 Ne5+ 54. Kh5 Rf3 55. h4 Rxc3 56. Bd4 Rc4 57. Bb2 b4 58. Kh6 a3 59. Ba1 b3 60. Kxh7 Rc2 61. Re1 b2 62. h5 Rc1 63. Bxb2 axb2 1/2-1/2

[Event "55th Rubinstein Memorial-C 2019"]
[Site "Polanica-Zdroj"]
[Date "2019.08.17"]
[Round "1.15"]
[White "Koscielny, Edmond"]
[Black "Bednarczyk, Mateusz"]
[Result "1-0"]
[ECO "A02"]
[WhiteElo "1841"]
[BlackElo "1459"]
[Annotator "NA"]
[PlyCount "148"]
[EventDate "2019.08.17"]
[EventType "swiss"]
[EventCountry "POL"]
[SourceTitle "playchess.com"]
[Source "ChessBase"]
[SourceQuality "1"]
[TimeControl "40/5400+30:1800+30"]

1. f4 b6 2. Nf3 Bb7 3. e3 e6 4. b3 Nf6 5. Bb2 Be7 6. Nc3 O-O 7. Be2 c5 8. O-O d5 9. d4 Nc6 10. Ne5 cxd4 11. Nxc6 Bxc6 12. exd4 Qc7 13. a3 Bd6 14. g3 a6 15. Qe1 b5 16. Bd3 Bd7 17. Nd1 h5 18. Ne3 h4 19. Rc1 Rfb8 20. Qe2 hxg3 21. hxg3 Qb7 22. Kg2 g6 23. Rh1 Kg7 24. Qf3 Qc7 25. Rh4 Rh8 26. Rch1 Rxh4 27. Rxh4 Rh8 28. Rxh8 Kxh8 29. Ng4 Nxg4 30. Qxg4 Kg7 31. Qh4 Bc8 32. Kf3 Qe7 33. Qxe7 Bxe7 34. c4 Bd7 35. c5 Bc6 36. Bc3 Bd8 37. g4 f5 38. gxf5 gxf5 39. a4 Kf7 40. axb5 axb5 41. Be2 Ke7 42. Ke3 Be8 43. Be1 Bc6 44. Kd3 Kd7 45. Kc2 Kc8 46. Kb2 Kb7 47. Bh5 Bf6 48. Bf2 Bd7 49. Kc3 Bd8 50. Kb4 Bc6 51. Kc3 Ba5+ 52. Kd3 Bd8 53. Ke3 Bf6 54. Be1 Ka6 55. Bf7 Bd7 56. Bb4 Kb7 57. Ba5 Kc6 58. Kd3 Kb7 59. Bh5 Kc6 60. Be1 Kb7 61. Bf7 Kc6 62. Bf2 Kb7 63. Kc3 Kc6 64. Kb4 Bd8 65. Bh5 Bc8 66. Be8+ Bd7 67. Bxd7+ Kxd7 68. Kxb5 Bf6 69. Kb6 Bd8+ 70. Kb7 Bc7 71. Be3 Kd8 72. b4 Kd7 73. b5 Bd8 74. b6 Ke8 1-0

[Event "55th Rubinstein Memorial-C 2019"]
[Site "Polanica-Zdroj"]
[Date "2019.08.17"]
[Round "1.16"]
[White "Jedrzejko, Martyna"]
[Black "Mike, Patryk"]
[Result "1/2-1/2"]
[ECO "C50"]
[WhiteElo "1456"]
[BlackElo "1840"]
[Annotator "NA"]
[PlyCount "76"]
[EventDate "2019.08.17"]
[EventType "swiss"]
[EventCountry "POL"]
[SourceTitle "playchess.com"]
[Source "ChessBase"]
[SourceQuality "1"]
[TimeControl "40/5400+30:1800+30"]

1. e4 e5 2. Nf3 Nc6 3. Bc4 Bc5 4. O-O d6 5. c3 Nf6 6. d3 O-O 7. Bb3 Be6 8. Bc2 Bb6 9. Re1 Re8 10. h3 d5 11. Ng5 Bc8 12. exd5 Nxd5 13. Qh5 h6 14. Qxf7+ Kh8 15. Ne4 Be6 16. Qh5 Nf6 17. Qe2 Nxe4 18. Qxe4 Bd5 19. Qg4 Qf6 20. Be3 Rf8 21. Qg3 Rf7 22. Nd2 Raf8 23. Bxb6 axb6 24. f3 Qd6 25. Kh1 Rf4 26. Qf2 g5 27. Qe2 h5 28. Bb3 g4 29. Bxd5 Qxd5 30. hxg4 hxg4 31. Rf1 g3 32. Qe3 Qf7 33. Rfd1 Qh5+ 34. Kg1 Qh2+ 35. Kf1 Rd8 36. Ne4 Rdf8 37. Nd2 Rd8 38. Ne4 Rdf8 1/2-1/2

[Event "55th Rubinstein Memorial-C 2019"]
[Site "Polanica-Zdroj"]
[Date "2019.08.17"]
[Round "1.17"]
[White "Bogdanov, Maxim A."]
[Black "Furgal, Grzegorz"]
[Result "1/2-1/2"]
[ECO "C11"]
[WhiteElo "1763"]
[BlackElo "1456"]
[Annotator "NA"]
[PlyCount "74"]
[EventDate "2019.08.17"]
[EventType "swiss"]
[EventCountry "POL"]
[SourceTitle "playchess.com"]
[Source "ChessBase"]
[SourceQuality "1"]
[TimeControl "40/5400+30:1800+30"]

1. d4 e6 2. e4 d5 3. Nc3 Nf6 4. e5 Nfd7 5. f4 c5 6. Nf3 Nc6 7. Be3 cxd4 8. Nxd4 Qb6 9. Qd2 Qxb2 10. Rb1 Qa3 11. Ndb5 Qa5 12. Nd6+ Bxd6 13. exd6 a6 14. Be2 Qa3 15. O-O Qxd6 16. f5 O-O 17. f6 Nxf6 18. Rxf6 gxf6 19. Bh6 Rd8 20. Rf1 Qe5 21. Rf3 Kh8 22. Bd3 Rg8 23. Ne2 Nd4 24. Nxd4 Qxd4+ 25. Be3 Qh4 26. Kh1 d4 27. Rh3 Qxh3 28. gxh3 dxe3 29. Qxe3 Bd7 30. Be4 Bc6 31. Bxc6 bxc6 32. h4 Rab8 33. Qe1 Rg7 34. Qf1 Rbg8 35. Qxf6 h5 36. Qh6+ Rh7 37. Qf6+ Rhg7 1/2-1/2

[Event "55th Rubinstein Memorial-C 2019"]
[Site "Polanica-Zdroj"]
[Date "2019.08.17"]
[Round "1.18"]
[White "Kieca, Aleksandra"]
[Black "Sypien, Natan"]
[Result "0-1"]
[ECO "C67"]
[WhiteElo "1453"]
[BlackElo "1819"]
[Annotator "NA"]
[PlyCount "134"]
[EventDate "2019.08.17"]
[EventType "swiss"]
[EventCountry "POL"]
[SourceTitle "playchess.com"]
[Source "ChessBase"]
[SourceQuality "1"]
[TimeControl "40/5400+30:1800+30"]

1. e4 e5 2. Nf3 Nc6 3. Bb5 Nf6 4. O-O Nxe4 5. d4 Nd6 6. Bxc6 dxc6 7. dxe5 Nf5 8. Qxd8+ Kxd8 9. b3 Ke8 10. Bb2 Be7 11. Nbd2 Be6 12. c4 a5 13. Ne4 h5 14. Neg5 Nh4 15. Nxh4 Bxg5 16. Nf3 Be7 17. Nd4 Bc5 18. Kh1 Rd8 19. Rad1 Ke7 20. Nxe6 fxe6 21. f3 Rhf8 22. Bc1 Kf7 23. Bg5 Be7 24. Be3 Kg6 25. Kg1 Kf5 26. f4 Rxd1 27. Rxd1 Rd8 28. Rxd8 Bxd8 29. Kf2 Ke4 30. Ke2 Be7 31. Bd2 b6 32. g3 Bc5 33. Bc3 h4 34. Be1 h3 35. Bf2 Bxf2 36. Kxf2 b5 37. Ke2 bxc4 38. bxc4 c5 39. Kf2 a4 40. Ke2 a3 41. Kf2 g6 42. Ke2 Kd4 43. Kf3 Kxc4 44. Ke4 Kb4 45. g4 c4 46. Kd4 c5+ 47. Ke3 Kc3 48. f5 gxf5 49. gxf5 Kb2 50. fxe6 c3 51. e7 c2 52. e8=Q c1=Q+ 53. Ke4 Qb1+ 54. Kd5 Qxa2+ 55. Kxc5 Qb3 56. e6 Qc3+ 57. Kd6 Qd4+ 58. Kc7 Qa7+ 59. Kd6 Qd4+ 60. Kc7 Qe5+ 61. Kc8 a2 62. Qd7 a1=Q 63. Qb7+ Kc2 64. e7 Qac3+ 65. Kd8 Qcd4+ 66. Ke8 Qh8+ 67. Kf7 Qdf6# 0-1

[Event "55th Rubinstein Memorial-C 2019"]
[Site "Polanica-Zdroj"]
[Date "2019.08.17"]
[Round "1.19"]
[White "Matuszczyk, Mateusz"]
[Black "Lukasik, Zuzanna"]
[Result "1-0"]
[ECO "B40"]
[WhiteElo "1808"]
[BlackElo "1444"]
[Annotator "NA"]
[PlyCount "79"]
[EventDate "2019.08.17"]
[EventType "swiss"]
[EventCountry "POL"]
[SourceTitle "playchess.com"]
[Source "ChessBase"]
[SourceQuality "1"]
[TimeControl "40/5400+30:1800+30"]

1. e4 c5 2. Nf3 e6 3. c4 Nc6 4. Be2 Nf6 5. Nc3 Be7 6. d4 cxd4 7. Nxd4 a6 8. O-O O-O 9. Nc2 d6 10. Bf4 Ne8 11. Be3 f5 12. Qd2 Bf6 13. exf5 exf5 14. Nd5 Rb8 15. Bb6 Qd7 16. Nce3 Qf7 17. f4 g6 18. Nxf6+ Qxf6 19. Bf3 Be6 20. Rad1 Qg7 21. b3 Rf7 22. Nd5 Rd7 23. Rfe1 Bf7 24. b4 h6 25. b5 axb5 26. cxb5 Nd8 27. Bd4 Qf8 28. Rxe8 Bxe8 29. Nf6+ Kf7 30. Bd5+ Ne6 31. Nh7 Qg8 32. Ba7 Qxh7 33. Bxb8 Ke7 34. Bxe6 Kxe6 35. Bxd6 Kf7 36. Qd5+ Kg7 37. Qe5+ Kf7 38. Re1 Qg8 39. Bb4 h5 40. Bc3 1-0

[Event "55th Rubinstein Memorial-C 2019"]
[Site "Polanica-Zdroj"]
[Date "2019.08.17"]
[Round "1.20"]
[White "Karalchuk, Alieksej"]
[Black "Borowski, Przemyslaw"]
[Result "1-0"]
[ECO "A48"]
[WhiteElo "1443"]
[BlackElo "1805"]
[Annotator "NA"]
[PlyCount "139"]
[EventDate "2019.08.17"]
[EventType "swiss"]
[EventCountry "POL"]
[SourceTitle "playchess.com"]
[Source "ChessBase"]
[SourceQuality "1"]
[TimeControl "40/5400+30:1800+30"]

1. d4 Nf6 2. Bf4 g6 3. Nf3 Bg7 4. Nbd2 d6 5. h3 Nbd7 6. e3 O-O 7. Be2 c5 8. c4 Qb6 9. Rb1 Nh5 10. Bh2 cxd4 11. exd4 e5 12. dxe5 dxe5 13. O-O f5 14. Nb3 f4 15. Qd5+ Kh8 16. Ng5 Qf6 17. Ne4 Qe7 18. Bxh5 gxh5 19. Nbd2 Nb6 20. Qd3 Bf5 21. b3 Rad8 22. Qe2 Rd4 23. f3 Rfd8 24. Rbc1 Nd7 25. Kh1 Nf6 26. Bg1 Rxd2 27. Nxd2 Bd3 28. Qf2 Bxf1 29. Rxf1 h4 30. Qe2 Nh5 31. Bf2 Ng3+ 32. Bxg3 hxg3 33. Ne4 Qd7 34. Rc1 Qd4 35. Qe1 Bf8 36. Qg1 Qb2 37. Ra1 b6 38. Rd1 Rd4 39. Ng5 Rxd1 40. Qxd1 Qd4 41. Qxd4 exd4 42. Kg1 Bc5 43. Kf1 d3 44. Ke1 Be3 45. Nf7+ Kg7 46. Ne5 d2+ 47. Ke2 Kf6 48. Nd3 Ke6 49. b4 Kd6 50. a3 b5 51. c5+ Kd5 52. Kd1 a6 53. Kc2 Kc6 54. Ne5+ Kd5 55. Ng4 Bd4 56. Kxd2 Bb2 57. Kc2 Bxa3 58. Kb3 Bc1 59. Nf6+ Ke6 60. Nxh7 Be3 61. Kc3 Kd5 62. h4 a5 63. bxa5 Kxc5 64. h5 Bd4+ 65. Kb3 Bg7 66. Ng5 Kd5 67. Kb4 Kc6 68. Nf7 Bf8+ 69. Kb3 Kd7 70. h6 1-0

[Event "55th Rubinstein Memorial-C 2019"]
[Site "Polanica-Zdroj"]
[Date "2019.08.17"]
[Round "1.21"]
[White "Janzer, Hubert"]
[Black "Strugacz, Michal"]
[Result "1/2-1/2"]
[ECO "D00"]
[WhiteElo "1803"]
[BlackElo "1443"]
[Annotator "NA"]
[PlyCount "102"]
[EventDate "2019.08.17"]
[EventType "swiss"]
[EventCountry "POL"]
[SourceTitle "playchess.com"]
[Source "ChessBase"]
[SourceQuality "1"]
[TimeControl "40/5400+30:1800+30"]

1. d4 d5 2. Bf4 Nf6 3. e3 Bf5 4. Nd2 e6 5. Ngf3 Bd6 6. Bg3 O-O 7. Ne5 Nbd7 8. Be2 Qe7 9. c3 c5 10. O-O Ne4 11. Nxe4 Bxe4 12. Nxd7 Qxd7 13. f3 Bg6 14. Bf2 c4 15. Re1 b5 16. Bf1 f5 17. b4 a5 18. a3 Ra6 19. Qd2 Rfa8 20. Rab1 axb4 21. axb4 Ra2 22. Rb2 Rxb2 23. Qxb2 Ra4 24. Ra1 Qa7 25. Rxa4 Qxa4 26. Qc1 Bf7 27. Be2 e5 28. dxe5 Bxe5 29. f4 Bf6 30. Bf3 Kf8 31. Qd2 Qa1+ 32. Be1 Qa8 33. h3 Ke7 34. g4 g6 35. Bg2 h5 36. gxf5 gxf5 37. h4 Qa1 38. Kh2 Qa8 39. Bf3 Qa1 40. Kg2 Qa8 41. Qc2 Ke6 42. Qd1 Qd8 43. Kh3 Kd6 44. Bxh5 Bxh5 45. Qxh5 Ke6 46. Qg6 Qf8 47. h5 Qf7 48. Qh6 Qg7 49. Qxg7 Bxg7 50. h6 Bxh6 51. Kh4 Bg7 1/2-1/2